 Dungeon Crawl Stone Soup version 0.32-a0-17-gb74e046682 (webtiles) character file.

Game seed: 4344710085999839372

68 Newt the Shooter (level 4, -1/45 HPs)
             Began as a Kobold Hunter on Jan 15, 2024.
             Slain by a cerulean imp
             ... wielding a +2 spear
             ... summoned by Natasha
              (4 damage)
             ... on level 3 of the Dungeon.
             The game lasted 00:01:27 (2392 turns).

Newt the Shooter (Kobold Hunter)                    Turns: 2392, Time: 00:01:27

Health: -1/45      AC:  3    Str:  8    XL:     4   Next: 41%
Magic:  4/4        EV: 14    Int: 10    God:
Gold:   61         SH:  0    Dex: 20    Spells: 3/3 levels left

rFire   . . .        a - +0 shortbow
rCold   . . .        (shield currently unavailable)
rNeg    . . .        c - +0 leather armour
rPois   .            (no helmet)
rElec   .            (no cloak)
rCorr   .            (no gloves)
SInv    .            (no boots)
Will    .....        (no amulet) Stlth
                     (no ring)
HPRegen 0.27/turn    (no ring)
MPRegen 0.09/turn

%: no passive effects
@: confused, berserking, very quick
A: small, no large weapons, nightstalker 3
a: no special abilities


You were on level 3 of the Dungeon.
You visited 1 branch of the dungeon, and saw 3 of its levels.

You collected 61 gold pieces.

Inventory:

Hand Weapons
 a - a +0 shortbow (weapon)
Armour
 c - a +0 leather armour (worn)
Scrolls
 b - a scroll of butterflies
Potions
 d - a potion of attraction
 g - 2 potions of magic {unknown}


   Skills:
 + Level 4.8 Fighting
 - Level 5.3 Ranged Weapons
 - Level 2.4 Dodging
 - Level 1.3 Stealth


You had 3 spell levels left.
You didn't know any spells.
Your spell library contained the following spells:

 Spells                   Type           Power      Damage    Failure   Level
 Lesser Beckoning         Tloc           0%         N/A       63%         2
 Fugue of the Fallen      Necr           0%         N/A       86%         3
 Gell's Gravitas          Tloc           0%         N/A       86%         3
 Ozocubu's Armour         Ice            0%         N/A       86%         3
 Teleport Other           Tloc           0%         N/A       86%         3
 Manifold Assault         Tloc           0%         N/A       99%         4


Dungeon Overview and Level Annotations

Branches:
Dungeon (3/15)

Altars:

Annotations:
D:3 2 transporters, Natasha


Innate Abilities, Weirdness & Mutations

You are small and have problems with some larger weapons.
You are completely attuned to the shadows.


Message History

Unknown command.
The orc misses you.
You clumsily bash the orc wizard but do no damage.
The orc closely misses you. The orc wizard misses you.
The cerulean imp barely misses you.
The cerulean imp hits you from afar with a +2 spear.
The orc closely misses you. The orc wizard casts a spell at you.
The puff of flame hits you!
The cerulean imp hits you from afar with a +2 spear!
* * * LOW HITPOINT WARNING * * *
It was a potion of heal wounds.
You feel much better.
The cerulean imp hits you from afar with a +2 spear.
The orc hits you with a +0 dagger. The orc wizard closely misses you.
Natasha casts a spell.
The cerulean imp barely misses you.
You clumsily bash the cerulean imp but do no damage.
The cerulean imp hits you from afar with a +2 spear.
The orc hits you with a +0 dagger.
The orc wizard hits you but does no damage.
The cerulean imp hits you but does no damage.
The cerulean imp hits you with a +1 spear.
The cerulean imp hits you from afar with a +2 spear.
It was a potion of berserk rage.
A red film seems to cover your vision as you go berserk!
You feel yourself moving faster!
You feel mighty! The orc misses you.
The orc wizard hits you but does no damage.
The cerulean imp hits you from afar with a +2 spear.
* * * LOW HITPOINT WARNING * * *
The cerulean imp hits you with a +1 spear.
* * * LOW HITPOINT WARNING * * *
The cerulean imp hits you from afar with a +2 spear.
* * * LOW HITPOINT WARNING * * *
You bump into the rock wall.
You feel a strong urge to attack something.
The orc hits you with a +0 dagger.
* * * LOW HITPOINT WARNING * * *
The orc wizard hits you but does no damage.
The cerulean imp hits you from afar with a +2 spear.
You die...

..†.....# .. .......##
## .......#. #. ..
........#### ##.
#.#.#.#.........####..
...^....#.............
.#.#.#.#..............
.).5oo....######..####
#.#.#@#...# ##.#
.o55..##<# #.#
.#.#.#.##.#######.#
......###.........#
.#.#.#.# #.#######.#
......## #.# ###
#.#.#.####.#
.....###...#
.#.#.....###


You could see 2 orc wizards, 3 cerulean imps and an orc.

Vanquished Creatures
  An adder (D:2)
  2 dart slugs
  A ribbon worm (D:3)
  An orc (D:3)
  3 endoplasms
  5 giant cockroaches
  2 hobgoblins
  2 jackals (D:3)
  4 quokkas
  9 bats
  2 frilled lizards (D:2)
  6 goblins
  5 kobolds
  6 rats
49 creatures vanquished.

Notes
Turn   | Place    | Note
-------+----------+-------------------------------------------
     0 | D:1      | Newt the Kobold Hunter began the quest for the Orb.
     0 | D:1      | Reached XP level 1. HP: 12/12 MP: 1/1
   111 | D:1      | Reached XP level 2. HP: 18/18 MP: 2/2
   558 | D:1      | Reached XP level 3. HP: 23/23 MP: 3/3
   927 | D:1      | Found a faded altar of an unknown god.
  1947 | D:2      | Reached XP level 4. HP: 30/30 MP: 4/4
  2079 | D:3      | Found a transporter.
  2323 | D:3      | Found a transporter.
  2383 | D:3      | Noticed Natasha
  2392 | D:3      | Slain by a cerulean imp

Illustrated notes

Levels and vault maps discovered:
D:1:      lemuel_arrival_lava_pool, layout_loops_corners, serial_bayou,
          serial_bayou_crossing, serial_bayou_lagoon_a, serial_bayou_pond_e,
          serial_bayou_pond_c, serial_bayou_pond_e,
          ebering_ecumenical_altar_rust
D:2:      layout_basic
D:3:      layout_basic, nicolae_elyvilon_temple_path,
          gammafunk_ghost_abyssal_escape, hex_large, grunt_decor_mini_mirrors,
          corexii_item_surrounded_by_moat, uniq_ijyb, uniq_natasha

Skill      XL: |  1  2  3 |
---------------+----------+-----
Fighting       | 3 4 |  4.8
Ranged Weapons | |  5.3
Dodging        | |  2.4
Stealth        | |  1.3

Action                     |  1- 3 |  4- 6 || total
---------------------------+-------+-------++-------
  Melee: Shortbow          |       |     2 ||     2
   Fire: Shortbow          |   107 |    32 ||   139
    Use: Scroll            |     1 |       ||     1
         Potion            |       |     2 ||     2
 Armour: Leather armour    |    20 |    28 ||    48
  Dodge: Dodged            |    33 |    28 ||    61

Table legend: (Time is in decaauts)
 A = Elapsed time spent in this place.
 B = Non-inter-level travel time spent in this place.
 C = Inter-level travel time spent in this place.
 D = Time resting spent in this place.
 E = Time spent auto-exploring this place.
 F = Levels seen in this place.
 G = Mean time per level.
                   A        B        C        D        E       F      G
               +--------+--------+--------+--------+--------+-----+--------+
         Total |   2467 |   2434 |     33 |      0 |   2175 |   3 |  822.3 |
       Dungeon |   2467 |   2434 |     33 |      0 |   2175 |   3 |  822.3 |
               +--------+--------+--------+--------+--------+-----+--------+

Top non-repeatable levels by time:
     D:1: 1170 daAuts
     D:2: 962 daAuts
     D:3: 333 daAuts
